Map: Orbital Shipyard

Players

LiquidBunny (Bunny) - Winner!

  • Race: Terran Terran
  • League: Grandmaster

Harstem

  • Race: Protoss Protoss
  • League: Platinum

Event: Homestory Cup XII

VOD

Have the link to the VOD?

Description

Time

  • Played on: Dec. 18, 2015, 9:49 a.m.
  • Length: 12:51

All games in this series

Show
View Real Time Build Order
Export as new Build Order

LiquidBunny Terran - Winner!

Build Orders: Reaper Expand, MMM Bio, Banshee Rush 

Get SALT Encoding   

  12  0:01  SCV  
  13  0:13  SCV  
  14  0:18  Supply Depot  
  14  0:25  SCV  
  15  0:40  SCV  
  15  0:41  Barracks  
  16  0:44  Refinery  
  16  0:52  SCV  
  17  1:04  SCV  
  18  1:16  SCV  
  19  1:28  Reaper, Orbital Command  
  20  1:38  Command Center  
  20  1:45  Refinery  
  20  1:53  Supply Depot  
  20  1:55  SCV  
  20  2:00  Barracks Reactor  
  21  2:07  SCV  
  22  2:09  Bunker  
  22  2:19  Factory  
  22  2:23  SCV  
  23  2:35  SCV  
  23  2:37  Marine x2  
  26  2:47  SCV  
  27  2:51  Orbital Command  
  27  2:55  Marine  
  27  2:56  Marine  
  29  2:59  SCV  
  29  3:03  Starport  
  29  3:05  Factory Tech Lab  
  30  3:11  SCV  
  31  3:15  Marine  
  31  3:16  Marine  
  31  3:18  SCV  
  33  3:23  SCV  
  33  3:25  Cyclone  
  37  3:30  SCV  
  37  3:32  Supply Depot  
  38  3:35  Marine  
  38  3:36  SCV, Marine  
  41  3:42  SCV  
  41  3:48  SCV  
  43  3:54  SCV  
  44  3:57  Supply Depot  
  44  4:00  SCV, Cloaking Field, Banshee  
  48  4:05  Marine x2  
  48  4:06  SCV  
  51  4:12  SCV  
  52  4:18  SCV  
  52  4:20  Barracks  
  52  4:21  Barracks  
  55  4:24  SCV  
  55  4:27  Engineering Bay  
  55  4:30  Supply Depot, SCV  
  57  4:36  SCV  
  57  4:37  Refinery  
  58  4:43  SCV, Banshee  
  58  4:44  Supply Depot  
  62  4:46  Factory Reactor  
  62  4:48  SCV  
  62  4:49  Marine  
  62  4:51  Marine  
  63  4:55  SCV  
  64  5:00  SCV  
  64  5:03  Terran Infantry Weapons Level 1, Supply Depot  
  65  5:07  SCV, Marine  
  65  5:09  Barracks Tech Lab x2  
  65  5:12  SCV  
  68  5:15  Command Center  
  68  5:19  SCV  
  68  5:20  Marine  
  70  5:24  SCV  
  70  5:25  Marine  
  72  5:29  Combat Shields  
  72  5:30  Stimpack, Refinery  
  72  5:31  SCV  
  72  5:33  Marauder x2  
  77  5:46  Supply Depot  
  77  5:47  Medivac x2  
  77  5:48  Marine x2  
  83  5:54  Marauder  
  83  5:56  Supply Depot  
  85  6:01  SCV  
  85  6:03  SCV, Marauder, Supply Depot  
  89  6:08  Supply Depot  
  89  6:13  SCV  
  89  6:16  Marauder  
  89  6:17  Medivac x2  
  97  6:20  Marine x2  
  98  6:28  Barracks x2  
  98  6:29  Marauder  
  98  6:30  SCV  
  101  6:34  SCV  
  101  6:37  Marine  
  101  6:38  Marine  
  104  6:42  SCV  
  104  6:46  SCV, Marine  
  104  6:51  Marauder, Orbital Command  
  106  6:54  SCV, Marine  
  106  6:56  Marine  
  106  6:58  SCV  
  110  7:04  Marine  
  110  7:06  SCV, Medivac x2  
  116  7:10  SCV  
  116  7:12  Marine, Marauder  
  116  7:15  Marine  
  121  7:17  SCV  
  121  7:19  SCV  
  121  7:22  SCV  
  124  7:29  SCV  
  124  7:31  SCV  
  124  7:34  SCV  
  122  7:39  Marauder, Marine  
  122  7:41  SCV  
  122  7:43  SCV, Marine  
  125  7:44  Marauder  
  125  7:46  Medivac x2  
  121  7:55  SCV  
  121  7:56  Marine  
  121  7:58  Terran Infantry Armor Level 1, Barracks  
  109  7:59  Barracks x2  
  109  8:01  Armory, Marine, Marauder  
  109  8:02  SCV  
  109  8:03  Engineering Bay  
  113  8:05  Marauder  
  113  8:10  Marauder  
  113  8:12  Barracks Reactor  
  115  8:14  Marine  
  115  8:15  Refinery x2  
  115  8:16  Factory Reactor, Medivac x2  
  115  8:19  Starport, Marine  
  121  8:22  Marauder  
  125  8:27  Marauder  
  125  8:31  Command Center, Marauder  
  125  8:32  Marine  
  128  8:37  Marine  
  129  8:43  Concussive Shells, Marauder  
  129  8:47  Medivac x2  
  129  8:48  Marine x3  
  138  8:50  Barracks Tech Lab, Reaper  
  138  8:52  Barracks Tech Lab, Marine  
  138  8:55  Marine  
  141  9:01  Terran Infantry Weapons Level 2  
  141  9:04  Supply Depot x2  
  141  9:05  Marauder  
  141  9:06  Marauder, Marine x2  
  141  9:08  Supply Depot  
  148  9:10  Marine  
  148  9:15  Liberator  
  148  9:16  Marine  
  149  9:18  Liberator  
  149  9:25  Barracks Reactor, Marine x3  
  149  9:26  Marauder x3  
  149  9:27  Supply Depot x2, Marauder  
  149  9:28  Marauder  
  149  9:29  Liberator  
  162  9:34  Marine  
  168  9:43  Marine x2  
  170  9:47  Marauder x2  
  170  9:48  Marauder  
  165  10:00  Liberator  
  165  10:04  Marine x3  
  165  10:05  Marauder  
  147  10:07  Marine x3  
  147  10:08  Marauder  
  147  10:09  SCV  
  147  10:14  Marauder, Marine  
  145  10:15  Terran Infantry Armor Level 2, Marauder  
  149  10:22  Marine x3  
  149  10:24  Marine  
  149  10:25  Marine x2  
  149  10:26  Marauder  
  150  10:29  Marauder  
  150  10:31  Medivac  
  150  10:32  Marauder  
  156  10:36  Marauder x2  
  156  10:40  Marine x3  
  156  10:42  Marine x2  
  163  10:43  Medivac x2, Marine  
  163  10:48  Marauder  
  172  10:50  Marauder  
  172  10:54  Marauder  
  176  10:57  Marauder, Marine  
  176  10:58  Planetary Fortress, Marine  
  176  11:00  Marine x2  
  182  11:05  Marine x2  
  182  11:07  Marine  
  182  11:09  Marauder  
  187  11:12  Marauder  
  187  11:13  Liberator  
  187  11:15  SCV, Marine, Marauder x2  
  187  11:17  Marine  
  187  11:18  Marauder, Marine  
  189  11:23  Marine x2  
  189  11:25  Marine  
  182  11:28  Medivac x2  
  182  11:30  Marauder  
  184  11:33  Marine, Marauder  
  184  11:36  Marauder  
  184  11:38  Marine x2  
  184  11:39  Marauder  
  183  11:40  Marauder  
  183  11:41  Marine x2  
  183  11:43  Marine  
  183  11:44  Liberator  
  189  11:51  Marine  
  189  11:52  Marauder  
  189  11:53  Refinery  
  189  11:54  Refinery, Marauder  
  180  11:56  Marine x2  
  180  11:59  Marine x3  
  180  12:00  Marauder  
  180  12:01  Marine  
  181  12:02  Marine  
  185  12:09  Marine  
  185  12:13  Marine  
  185  12:14  Marine x2  
  189  12:16  Command Center  
  189  12:18  Marine x2  
  189  12:19  Marauder  
  190  12:23  Marauder, Marine  
  190  12:26  Marauder  
Show
View Real Time Build Order
Export as new Build Order

Harstem Protoss 

Build Orders: 1 Gate Expand 

Get SALT Encoding   

  12  0:01  Probe (Chrono Boost)  
  13  0:11  Probe (Chrono Boost)  
  14  0:19  Pylon  
  14  0:22  Probe (Chrono Boost)  
  15  0:37  Gateway, Probe (Chrono Boost)  
  16  0:47  Probe (Chrono Boost)  
  16  0:49  Assimilator  
  17  0:58  Probe (Chrono Boost)  
  18  1:08  Probe (Chrono Boost)  
  19  1:18  Nexus  
  19  1:27  Cybernetics Core  
  19  1:30  Probe (Chrono Boost)  
  20  1:35  Assimilator  
  20  1:41  Probe (Chrono Boost)  
  20  1:44  Pylon  
  21  1:51  Probe (Chrono Boost)  
  22  2:04  Mothership Core (Chrono Boost), Adept  
  26  2:15  Warp Gate  
  26  2:22  Probe (Chrono Boost)  
  27  2:31  Probe (Chrono Boost)  
  27  2:32  Adept  
  30  2:37  Probe (Chrono Boost)  
  30  2:39  Robotics Facility  
  31  2:44  Probe (Chrono Boost)  
  31  2:48  Probe (Chrono Boost)  
  33  2:55  Probe (Chrono Boost)  
  35  2:58  Probe (Chrono Boost)  
  35  3:03  Adept  
  38  3:05  Probe (Chrono Boost)  
  38  3:14  Probe (Chrono Boost)  
  38  3:16  Probe (Chrono Boost)  
  40  3:25  Probe (Chrono Boost)  
  40  3:26  Nexus  
  41  3:27  Probe (Chrono Boost), Pylon  
  41  3:29  Observer (Chrono Boost)  
  43  3:36  Probe  
  43  3:37  Probe  
  45  3:44  Gateway  
  46  3:48  Observer (Chrono Boost)  
  46  3:49  Probe  
  46  3:50  Gateway, Probe  
  48  3:57  Pylon  
  48  4:01  Pylon  
  50  4:02  Probe  
  50  4:05  Twilight Council  
  50  4:08  Observer (Chrono Boost)  
  50  4:10  Probe  
  50  4:14  Assimilator  
  50  4:15  Probe  
  52  4:18  Stalker  
  52  4:20  Probe  
  52  4:22  Assimilator  
  52  4:24  Pylon  
  55  4:27  Probe (Chrono Boost)  
  55  4:29  Observer (Chrono Boost)  
  57  4:32  Probe (Chrono Boost)  
  58  4:39  Probe (Chrono Boost)  
  58  4:42  Blink (Chrono Boost)  
  58  4:43  Probe (Chrono Boost)  
  60  4:47  Stalker  
  60  4:49  Probe (Chrono Boost)  
  63  4:53  Probe (Chrono Boost)  
  63  4:58  Forge  
  64  5:00  Stalker, Probe  
  64  5:03  Probe  
  64  5:04  Gateway  
  64  5:06  Stalker  
  70  5:12  Probe x2, Gateway  
  70  5:13  Probe  
  73  5:22  Sentry, Pylon  
  73  5:24  Probe x2  
  73  5:25  Probe, Protoss Ground Armor Level 1 (Chrono Boost)  
  77  5:29  Stalker  
  77  5:34  Probe  
  79  5:36  Probe x2  
  79  5:38  Sentry  
  79  5:41  Warp Prism (Chrono Boost)  
  86  5:45  Probe  
  86  5:48  Gateway  
  86  5:49  Stalker  
  89  5:57  Probe x2  
  90  6:00  Pylon  
  90  6:02  Photon Cannon  
  91  6:07  Sentry, Adept  
  91  6:08  Gateway  
  91  6:09  Pylon  
  95  6:12  Probe x2  
  95  6:15  Assimilator  
  95  6:17  Pylon  
  97  6:20  Stalker x2  
  101  6:26  Probe, Robotics Bay  
  101  6:31  Photon Cannon  
  101  6:32  Probe, Adept  
  104  6:36  Assimilator  
  104  6:38  Pylon  
  105  6:41  Probe  
  105  6:42  Probe  
  105  6:44  Adept x3  
  112  6:48  Stalker  
  114  6:55  Resonating Glaives (Chrono Boost)  
  114  6:57  Probe  
  115  7:03  Gateway  
  115  7:05  Gateway  
  115  7:06  Colossus  
  115  7:07  Pylon  
  115  7:13  Pylon  
  121  7:17  Adept  
  121  7:18  Adept x3  
  121  7:20  Pylon  
  122  7:39  Probe x2  
  122  7:42  Stalker x4  
  105  7:53  Probe  
  105  7:54  Probe x2  
  105  7:57  Colossus (Chrono Boost)  
  98  8:00  Adept x2  
  98  8:01  Protoss Ground Armor Level 2 (Chrono Boost)  
  105  8:05  Probe (Chrono Boost)  
  105  8:11  Probe (Chrono Boost)  
  104  8:14  Probe (Chrono Boost)  
  104  8:16  Probe (Chrono Boost), Photon Cannon  
  106  8:24  Sentry  
  106  8:25  Stalker  
  110  8:29  Probe x2  
  110  8:32  Pylon  
  110  8:33  Probe, Pylon  
  113  8:39  Extended Thermal Lance  
  113  8:47  Stalker  
  121  8:48  Colossus (Chrono Boost)  
  121  8:49  Stalker, Adept  
  125  9:02  Adept x2  
  129  9:07  Probe  
  129  9:09  Forge  
  130  9:18  Stalker x5  
  140  9:27  Adept  
  140  9:29  Adept  
  144  9:33  Nexus  
  144  9:36  Pylon  
  144  9:50  Pylon  
  142  9:55  Stalker x3  
  142  9:56  Adept  
  146  10:04  Protoss Ground Armor Level 3  
  132  10:08  Colossus (Chrono Boost)  
  132  10:12  Adept x4  
  140  10:22  Probe x2 (Chrono Boost)  
  140  10:24  Probe (Chrono Boost)  
  140  10:25  Templar Archives, Protoss Ground Weapons Level 1  
  139  10:33  Probe x2 (Chrono Boost)  
  141  10:40  Adept x2  
  141  10:41  Probe (Chrono Boost)  
  146  10:44  Probe (Chrono Boost)  
  146  10:45  Stalker x2  
  146  10:46  Stalker x2  
  155  10:52  Pylon  
  155  11:03  Stalker x4  
  155  11:04  Adept  
  135  11:27  Stalker x8  
  147  11:37  Colossus  
  137  11:48  Nexus  
  129  12:05  High Templar x3  
  129  12:06  Adept x5, High Templar  
  147  12:11  Archon x2  
Tags
 
Add a new tag
Caveats
  • Supply blocks, unpowered buildings, or Contaminate may cause inaccurate times.
  • Supply counts are checked every 10 seconds.